 Dungeon Crawl Stone Soup version 0.27.1-33-g824d729ab1 (webtiles) character file.

Game seed: 3243775891551091992

79 McKennaii the Caller (level 3, 0/26 HPs)
             Began as a Demigod Summoner on Dec 3, 2021.
             Blown up by Ijyb (11 damage)
             ... with a mindburst bolt
             ... on level 3 of the Dungeon.
             The game lasted 00:05:29 (3639 turns).

McKennaii the Caller (Demigod Summoner)             Turns: 3639, Time: 00:05:30

Health: 0/26       AC: 11    Str:  9    XL:     3   Next: 95%
Magic:  6/9        EV: 12    Int: 21    God:
Gold:   68         SH:  0    Dex: 14    Spells: 4/7 levels left

rFire    . . .     SeeInvis .   q - +2 flail (protect)
rCold    + . .     Faith    .   (no shield)
rNeg     . . .     Spirit   .   a - +0 robe
rPois    .         Reflect  .   k - +1 helmet
rElec    .         Harm     .   (no cloak)
rCorr    .         Rampage  .   (no gloves)
Will     .....                  (no boots)
Stlth    ++........             (no amulet)
HPRegen  0.08/turn              b - ring of protection from cold
MPRegen  0.11/turn              (no ring)

@: under a protective aura
A: high mp 1, forlorn
a: no special abilities


You were on level 3 of the Dungeon.
You visited 1 branch of the dungeon, and saw 3 of its levels.

You collected 68 gold pieces.

Inventory:

Hand Weapons
 p - a +0 vorpal falchion
 q - a +2 flail of protection (weapon)
Armour
 a - a +0 robe (worn)
 k - a +1 helmet (worn)
Jewellery
 b - a ring of protection from cold (left hand)
Scrolls
 d - a scroll of summoning {unknown}
 e - a scroll of teleportation {unknown}
 f - a scroll of magic mapping {unknown}
 g - a scroll of immolation {unknown}
 h - a scroll of noise {unknown}
 i - 3 scrolls of enchant weapon {unknown}
 j - a scroll of blinking {unknown}
 m - a scroll of amnesia {unknown}
 r - a scroll of torment {unknown}
Potions
 c - a potion of brilliance {unknown}
 l - a potion of ambrosia {unknown}
 n - a potion of degeneration {unknown}
 o - a potion of berserk rage {unknown}


   Skills:
 - Level 1.7 Dodging
 - Level 1.7 Stealth
 + Level 2.6 Spellcasting
 + Level 4.7 Summonings


You had 4 spell levels left.
You knew the following spells:

 Your Spells              Type           Power      Damage    Failure   Level
a - Summon Small Mammal   Summ           88%        N/A       1%          1
b - Call Imp              Summ           22%        N/A       3%          2

Your spell library contained the following spells:

 Spells                   Type           Power      Damage    Failure   Level
 Call Canine Familiar     Summ           22%        N/A       6%          3
 Sting                    Tmut/Pois      8%         1d3       14%         1
 Summon Guardian Golem    Hex/Summ       12%        N/A       16%         3
 Poisonous Vapours        Pois/Air       4%         N/A       22%         2
 Swiftness                Air            2%         N/A       38%         3
 Summon Lightning Spire   Summ/Air       12%        N/A       45%         4
 Olgreb's Toxic Radiance  Pois           2%         N/A       80%         4
 Iron Shot                Conj/Erth      1%         9d1       100%        6
 Orb of Destruction       Conj           1%         N/A       100%        7


Dungeon Overview and Level Annotations

Branches:
Dungeon (3/15)

Annotations:
D:3 Ijyb


Innate Abilities, Weirdness & Mutations

Your attributes grow dramatically as you level up.
You have an increased reservoir of magic. (+10% MP)
You shall have no god before yourself.


Message History

Ijyb screams, "It's all mine!"
Your white imp gestures at Ijyb.
The puff of frost hits Ijyb.
You hit Ijyb.
Your weapon exudes an aura of protection.
Ijyb is moderately wounded.
Your crimson imp blinks!
Ijyb barely misses you.
Your white imp hits Ijyb but does no damage.
Your crimson imp blinks!
Ijyb screams, "You nasty!
Big nasty!"
Ijyb hits you but does no damage.
You hit Ijyb but do no damage.
Ijyb is moderately wounded.
Your white imp barely misses Ijyb.
Your crimson imp hits Ijyb.
Ijyb hits you but does no damage.
Your white imp hits Ijyb but does no damage.
Your crimson imp hits Ijyb but does no damage.
You closely miss Ijyb.
Ijyb is moderately wounded.
Ijyb hits you but does no damage.
Your white imp barely misses Ijyb.
Your crimson imp hits Ijyb but does no damage.
Ijyb zaps a wand.
Your mind is blasted!
Ouch! That really hurt!
You are too injured to fight recklessly!
Unknown command.
You hit Ijyb but do no damage.
Ijyb is moderately wounded.
Your white imp barely misses Ijyb.
Your crimson imp closely misses Ijyb.
Ijyb hits you but does no damage.
Unknown command.
You swap places.
Your white imp barely misses Ijyb.
Your crimson imp hits Ijyb but does no damage.
Your crimson imp closely misses Ijyb.
Ijyb hits your crimson imp with a +0 dagger.
Unknown command.
Your white imp hits Ijyb but does no damage.
Your crimson imp blinks! x2
Ijyb zaps a wand.
Your mind is blasted!
You die...

##.################
#..#..............##
#..'.........†.....##
#..#................##
##.##############....#
#.# ##...#
#.##############....#
#.#.§...5.5..).....##
#.+..g§.@.........##
###..5...........##
################


You could see Ijyb (ally target), 2 friendly crimson imps and a friendly white
imp (summoned).

Vanquished Creatures
  An adder (D:2)
  A goblin (D:3)
  A hobgoblin (D:3)
  4 rats
7 creatures vanquished.

Vanquished Creatures (collateral kills)
  Jessica (D:3)
  3 adders (D:2)
  A worm (D:2)
  A dart slug (D:2)
  An orc (D:3)
  2 endoplasms
  A giant cockroach (D:1)
  3 goblins
  3 hobgoblins
  11 jackals
  4 quokkas
  5 ball pythons
  3 bats
  2 frilled lizards (D:3)
  3 kobolds (D:2)
  12 rats
56 creatures vanquished.

Vanquished Creatures (others)
  8 toadstools (D:3)
8 creatures vanquished.

Grand Total: 71 creatures vanquished

Notes
Turn   | Place    | Note
-------+----------+-------------------------------------------
     0 | D:1      | McKennaii the Demigod Summoner began the quest for the Orb.
     0 | D:1      | Reached XP level 1. HP: 14/14 MP: 5/5
   423 | D:1      | Reached skill level 4 in Summonings
   720 | D:1      | Reached XP level 2. HP: 20/20 MP: 4/7
   999 | D:1      | Learned a level 2 spell: Call Imp
  1277 | D:2      | Noticed a great orb of eyes
  1290 | D:2      | Noticed a floating eye
  1654 | D:2      | Noticed a golden eye
  1668 | D:2      | Noticed a floating eye
  2135 | D:2      | Reached XP level 3. HP: 20/26 MP: 6/8
  3100 | D:3      | Got the Handbook of Damaging Weightlessness
  3168 | D:3      | Noticed Jessica
  3181 | D:3      | Killed Jessica
  3627 | D:3      | Noticed Ijyb
  3639 | D:3      | Blown up by Ijyb

Illustrated notes

Levels and vault maps discovered:
D:1:      onia_arrival_mini_maze_b, layout_basic, minmay_rat_gold_closets
D:2:      layout_basic, hellmonk_ecumenical_altar_watching_god
D:3:      cheibrodos_fertilizer, layout_rooms, grunt_gozag_breadcrumbs,
          nrook_uturn, uniq_ijyb, uniq_jessica, uniq_crazy_yiuf_cottage

Skill      XL: |  1  2 |
---------------+-------+-----
Summonings     | 4 |  4.7
Spellcasting   | 2 |  2.6
Dodging        | |  1.7
Stealth        | |  1.7

Action                   || total
-------------------------++-------
Melee: Unarmed           ||   159
       Flail             ||    11
       Falchion          ||     3
 Cast: Summon Small Mamm ||    71
       Call Imp          ||    22
 Stab: Sleeping          ||     2
       Distracted        ||     1
Armor: Robe              ||    62
Dodge: Dodged            ||   155
       Rpst.: Falchion   ||     1
